[Event "Titled Tuesday Blitz March 01 Early 2022"]
[White "Khamdamova, Afruza"]
[Black "Jaskolka, Tomasz"]
[WhiteFideId "14210444"]
[BlackFideId "1170791"]
[WhiteElo "1660"]
[BlackElo "2054"]
[Result "1/2-1/2"]
[Round "11"]
[TimeControl "180+1"]
[Date "2022.03.01"]
[WhiteClock "0:00:07"]
[BlackClock "0:00:06"]

1. e4 c5 2. Nf3 e6 3. d4 cxd4 4. Nxd4 Nc6 5. Nc3 Qc7 6. Be2 a6 7. O-O Nf6 8. Be3 Be7 9. f4 d6 10. Qe1 O-O 11. Rd1 Nxd4 12. Bxd4 b5 13. Bf3 e5 14. Be3 Bb7 15. a3 Rad8 16. f5 Nd7 17. Rd2 Nc5 18. g4 f6 19. h4 h6 20. Rg2 Kf7 21. g5 hxg5 22. Bh5+ Kg8 23. hxg5 Nxe4 24. Nxe4 Bxe4 25. Bf3 Bxf3 26. Rxf3 fxg5 27. Bxg5 Bxg5 28. Rxg5 Qxc2 29. f6 Rf7 30. Qg3 Qd1+ 31. Rf1 Qd4+ 32. Kh2 Rdd7 33. Rg1 Qf4 34. Qxf4 exf4 35. Rf5 d5 36. Rxf4 d4 37. Rxg7+ Rxg7 38. fxg7 d3 39. Rf1 Kxg7 40. Kg3 Rd5 41. Rd1 Kg6 42. Kf4 Kf6 43. Ke4 Re5+ 44. Kd4 Re2 45. Kc3 Rc2+ 46. Kb3 Re2 47. Rxd3 Ke5 48. Rf3 Kd5 49. Rh3 a5 50. Kc3 Re5 51. b4 a4 52. Rd3+ Kc6 53. Rf3 Rg5 54. Rf6+ Kd5 55. Rf3 Ke4 56. Rh3 Rg1 57. Rh4+ Kd5 58. Rh5+ Kc6 59. Rc5+ Kb6 60. Re5 Rg3+ 61. Kb2 Rg2+ 62. Kb1 Rg3 63. Kb2 Rg2+ 64. Kb1 Kc6 65. Rc5+ Kb6 66. Re5 1/2-1/2


[Site "https://www.chess.com"]

[Event "Titled Tuesday Blitz March 01 Early 2022"]
[White "Korchmar, Vasiliy"]
[Black "Kamsky, Gata"]
[WhiteFideId "24131750"]
[BlackFideId "2000024"]
[WhiteElo "2370"]
[BlackElo "2645"]
[Result "0-1"]
[Round "11"]
[TimeControl "180+1"]
[Date "2022.03.01"]
[WhiteClock "0:00:01"]
[BlackClock "0:00:39"]

1. e4 c6 2. d4 d5 3. e5 g6 4. Nd2 Bg7 5. Nb3 f6 6. Nf3 Bg4 7. exf6 exf6 8. h3 Bc8 9. Bd3 Nh6 10. O-O O-O 11. Re1 Nf7 12. Nc5 Re8 13. Rxe8+ Qxe8 14. Bf4 b6 15. Nb3 Nd7 16. c4 Nf8 17. cxd5 cxd5 18. a4 a5 19. Bb5 Bd7 20. Qd3 Bxb5 21. axb5 Rc8 22. Re1 Qd7 23. Nbd2 Ne6 24. Bg3 Bh6 25. Nb1 Bf8 26. Nc3 Bb4 27. Re2 Neg5 28. Nxg5 Nxg5 29. h4 Nf7 30. Qf3 Bxc3 31. bxc3 Kg7 32. h5 Re8 33. Rxe8 Qxe8 34. Qxd5 Qe1+ 35. Kh2 Qxc3 36. hxg6 hxg6 37. Qd7 a4 38. d5 a3 39. Qa7 Qb2 40. d6 a2 41. d7 a1=Q 0-1


[Site "https://www.chess.com"]

[Event "Titled Tuesday Blitz March 01 Early 2022"]
[White "Kosakowski, Jakub"]
[Black "Dobre, Claudiu-Cristian"]
[WhiteFideId "1185080"]
[BlackFideId "1211854"]
[WhiteElo "2476"]
[BlackElo "2207"]
[Result "1-0"]
[Round "11"]
[TimeControl "180+1"]
[Date "2022.03.01"]
[WhiteClock "0:01:53"]
[BlackClock "0:01:45"]

1. d4 d5 2. c4 c6 3. Nf3 Nf6 4. g3 Bg4 5. Ne5 Be6 6. cxd5 Bxd5 7. f3 c5 8. e4 Bc6 9. d5 Bd7 10. Nc3 Qc7 11. Bf4 g5 12. Nb5 Qb6 13. Nxd7 gxf4 14. Nxb6 1-0


[Site "https://www.chess.com"]

[Event "Titled Tuesday Blitz March 01 Early 2022"]
[White "Kozak, Antoni"]
[Black "Martin Duque, Jesus"]
[WhiteFideId "21832030"]
[BlackFideId "2208954"]
[WhiteElo "2232"]
[BlackElo "2243"]
[Result "1-0"]
[Round "11"]
[TimeControl "180+1"]
[Date "2022.03.01"]
[WhiteClock "0:01:03"]
[BlackClock "0:01:01"]

1. Nf3 Nf6 2. c4 b6 3. g3 Bb7 4. Bg2 g6 5. O-O Bg7 6. Nc3 O-O 7. Re1 c5 8. e4 Nc6 9. d3 d6 10. Be3 Ng4 11. Bd2 Nge5 12. Be3 Nxf3+ 13. Bxf3 Nd4 14. Bg2 Qd7 15. Ne2 e6 16. Nxd4 cxd4 17. Bd2 f5 18. exf5 Bxg2 19. Kxg2 Rxf5 20. Qg4 Raf8 21. Re2 e5 22. Qe4 Rh5 23. h4 Rhf5 24. Rf1 Kh8 25. f4 b5 26. Ref2 bxc4 27. dxc4 Qf7 28. b3 exf4 29. Rxf4 Re8 30. Qd3 Qb7+ 31. Qf3 Re2+ 32. Rf2 Rxf4 33. Bxf4 Rxf2+ 34. Kxf2 Qb6 35. Qa8+ 1-0


[Site "https://www.chess.com"]

[Event "Titled Tuesday Blitz March 01 Early 2022"]
[White "Kretov, Evgenij"]
[Black "Astasio Lopez, David"]
[WhiteFideId "4167821"]
[BlackFideId "2230208"]
[WhiteElo "2303"]
[BlackElo "2355"]
[Result "0-1"]
[Round "11"]
[TimeControl "180+1"]
[Date "2022.03.01"]
[WhiteClock "0:00:28"]
[BlackClock "0:00:32"]

1. d4 d5 2. c4 c6 3. Nc3 Nf6 4. e3 e6 5. Nf3 Nbd7 6. Bd3 Bd6 7. e4 dxe4 8. Nxe4 Nxe4 9. Bxe4 e5 10. O-O exd4 11. Qxd4 Qf6 12. Bg5 Qxd4 13. Nxd4 Nc5 14. Rfe1 O-O 15. Bc2 Ne6 16. Be3 Bb4 17. Re2 Re8 18. Rd1 Nxd4 19. Rxd4 Be6 20. Rh4 g6 21. b3 Rad8 22. Kf1 a6 23. Bb6 Rd2 24. Rxd2 Bxd2 25. Ke2 Bg5 26. Re4 f5 27. Re5 Bxc4+ 28. bxc4 Rxe5+ 29. Kd1 Re8 30. Bb3 Kg7 31. h3 Bd8 32. Bd4+ Bf6 33. Bb6 Re7 34. Kd2 Rd7+ 35. Ke2 Bd4 36. Ba5 b6 37. Bb4 a5 38. Ba3 Bc3 39. Bc1 c5 40. Ba4 Re7+ 41. Kd3 Bd4 42. f3 Re1 43. Bg5 Rg1 44. g4 Rg3 45. Bd1 Rxh3 46. gxf5 gxf5 47. Bd8 Rh6 48. f4 Rd6 49. Bc7 Rc6 50. Bd8 Bf6 51. Bxf6+ Rxf6 0-1


[Site "https://www.chess.com"]

[Event "Titled Tuesday Blitz March 01 Early 2022"]
[White "Kukhmazov, Arsen"]
[Black "Shuvalova, Polina"]
[WhiteFideId "24108260"]
[BlackFideId "24171760"]
[WhiteElo "2487"]
[BlackElo "2355"]
[Result "0-1"]
[Round "11"]
[TimeControl "180+1"]
[Date "2022.03.01"]
[WhiteClock "0:00:02"]
[BlackClock "0:00:09"]

1. d4 Nf6 2. c4 e6 3. Nf3 d5 4. e3 Be7 5. b3 O-O 6. Bd3 b6 7. O-O Bb7 8. Bb2 Nbd7 9. Nc3 c5 10. Qe2 Rc8 11. Rac1 cxd4 12. exd4 dxc4 13. bxc4 Bd6 14. Rfd1 Re8 15. Ne5 Qe7 16. Nb5 a6 17. Nxd6 Qxd6 18. Qe3 Red8 19. Be2 Qc7 20. c5 Nxe5 21. dxe5 Nd5 22. cxb6 Qe7 23. Qa3 Qg5 24. Qg3 Qh6 25. Bf3 Nf4 26. Rxd8+ Rxd8 27. h4 g6 28. Rc7 Bxf3 29. Qxf3 Qxh4 30. b7 Kg7 31. g3 Qh3 32. Bd4 Rxd4 33. Rc1 Rb4 34. Re1 Nd5 35. Qd3 Rxb7 36. Qf3 Rb4 37. Qa3 Rh4 38. Qf3 Qh2+ 0-1


[Site "https://www.chess.com"]

[Event "Titled Tuesday Blitz March 01 Early 2022"]
[White "Lou, Yiping"]
[Black "Ambartsumova, Karina"]
[WhiteFideId "8603928"]
[BlackFideId "4166299"]
[WhiteElo "2412"]
[BlackElo "2262"]
[Result "0-1"]
[Round "11"]
[TimeControl "180+1"]
[Date "2022.03.01"]
[WhiteClock "0:01:12"]
[BlackClock "0:00:18"]

1. d4 Nf6 2. Bf4 d5 3. e3 e6 4. Nf3 Bd6 5. Nbd2 O-O 6. Bg3 c5 7. c3 Qc7 8. Ne5 b6 9. Bd3 Ba6 10. Bb1 Nc6 11. f4 b5 12. Bh4 Nd7 13. Ndf3 f6 14. Qd3 f5 15. g4 Qc8 16. gxf5 exf5 17. Rg1 b4 18. Qd2 cxd4 19. exd4 bxc3 20. bxc3 Nf6 21. Qg2 Ne8 22. Ng5 Nxe5 23. Qxd5+ Nf7 24. Bxf5 Qxc3+ 25. Kf2 Qd2+ 26. Kg3 Bxf4+ 27. Kf3 Be2+ 28. Kg2 Bc4+ 29. Kh3 Bxd5 30. Bxh7+ Kh8 0-1


[Site "https://www.chess.com"]

[Event "Titled Tuesday Blitz March 01 Early 2022"]
[White "Makhnev, Denis"]
[Black "Eynullayev, Atilla"]
[WhiteFideId "13707647"]
[BlackFideId "13413570"]
[WhiteElo "2491"]
[BlackElo "1979"]
[Result "1-0"]
[Round "11"]
[TimeControl "180+1"]
[Date "2022.03.01"]
[WhiteClock "0:00:25"]
[BlackClock "0:00:03"]

1. Nf3 Nf6 2. c4 e6 3. Nc3 d5 4. d4 Nbd7 5. Bf4 Bb4 6. Qb3 a5 7. e3 O-O 8. a3 dxc4 9. Bxc4 Bd6 10. Bxd6 cxd6 11. O-O Nb6 12. Bd3 d5 13. Ne5 Nfd7 14. f4 Nxe5 15. fxe5 Nd7 16. Rac1 f5 17. Nb5 Qb6 18. Rc3 Nb8 19. Nc7 Qxb3 20. Rxb3 Ra7 21. Rb6 Nc6 22. Bb5 Bd7 23. Bxc6 bxc6 24. Na6 Kf7 25. Nb8 Ke7 26. g3 Rc8 27. Rc1 c5 28. Rxc5 Rac7 29. Na6 Rxc5 30. Nxc5 g5 31. Rb7 1-0


[Site "https://www.chess.com"]

[Event "Titled Tuesday Blitz March 01 Early 2022"]
[White "Makhnev, Denis"]
[Black "Oparin, Grigoriy"]
[WhiteFideId "13707647"]
[BlackFideId "24125890"]
[WhiteElo "2491"]
[BlackElo "2685"]
[Result "0-1"]
[Round "11"]
[TimeControl "180+1"]
[Date "2022.03.01"]
[WhiteClock "0:00:12"]
[BlackClock "0:00:22"]

1. d4 Nf6 2. c4 e6 3. Nf3 d5 4. g3 Bb4+ 5. Bd2 a5 6. Bg2 dxc4 7. Qc2 b6 8. a3 Bxd2+ 9. Nbxd2 b5 10. O-O c6 11. b3 cxb3 12. Nxb3 O-O 13. Rfc1 Nd5 14. Ne5 Bd7 15. Nxd7 Qxd7 16. h4 h6 17. Bf3 Rd8 18. Kg2 Qe7 19. h5 Ra7 20. e3 a4 21. Nc5 Nf6 22. Nd3 Nd5 23. Qc5 Kf8 24. Ne5 Ra6 25. Qc2 Kg8 26. Be4 Rc8 27. Bh7+ Kh8 28. Bg6 f6 29. Nd3 Nd7 30. Qb2 f5 31. Rc2 N5b6 32. Nb4 Raa8 33. Nxc6 Qd6 34. Qxb5 Nd5 35. Rac1 Qxa3 36. Ne5 Rxc2 37. Nf7+ Kg8 38. Rxc2 Qb3 39. Qc6 Rf8 40. Nxh6+ Kh8 41. Nf7+ Kg8 42. Ng5 Nb4 43. Qxe6+ Qxe6 44. Nxe6 Nxc2 45. Nxf8 Nxf8 46. Bxf5 Nb4 47. d5 a3 48. d6 a2 49. d7 Nc6 50. Be6+ Nxe6 51. e4 Ncd8 52. f4 a1=Q 53. f5 Qb2+ 54. Kf3 Ng5+ 55. Kg4 Ngf7 56. f6 Qxf6 57. h6 Qxh6 58. Kf3 Qe6 59. Kg2 Qxd7 60. g4 Ne5 61. Kg3 Qxg4+ 62. Kf2 Qf3+ 63. Ke1 Qg2 64. Kd1 Nc4 65. Kc1 Qd2+ 0-1


[Site "https://www.chess.com"]

[Event "Titled Tuesday Blitz March 01 Early 2022"]
[White "Martinez Alcantara, Jose Eduardo"]
[Black "Caruana, Fabiano"]
[WhiteFideId "3805662"]
[BlackFideId "2020009"]
[WhiteElo "2690"]
[BlackElo "2744"]
[Result "1/2-1/2"]
[Round "11"]
[TimeControl "180+1"]
[Date "2022.03.01"]
[WhiteClock "0:00:18"]
[BlackClock "0:00:27"]

1. e4 e5 2. Nf3 Nc6 3. Bb5 a6 4. Ba4 Nf6 5. d3 b5 6. Bb3 Bc5 7. a4 b4 8. a5 d6 9. h3 O-O 10. Bg5 h6 11. Bh4 g5 12. Bg3 Be6 13. Nbd2 Qd7 14. Ba4 Qe8 15. c3 Bd7 16. Bb3 Rb8 17. Bc4 bxc3 18. bxc3 Nh5 19. Nxg5 Nxg3 20. fxg3 hxg5 21. Qh5 Ne7 22. Qxg5+ Kh7 23. Rf1 f5 24. Qh4+ Kg6 25. g4 f4 26. Nf3 Ng8 27. d4 exd4 28. e5 Bb5 29. Bxg8 Rxg8 30. Qf6+ Kh7 31. Qh4+ Kg7 32. Qf6+ Kh7 33. Qh4+ Kg7 34. Qf6+ Kh7 1/2-1/2


[Site "https://www.chess.com"]

[Event "Titled Tuesday Blitz March 01 Early 2022"]
[White "Martinez, Shawn"]
[Black "Hoffmann, Asa"]
[WhiteFideId "2039770"]
[BlackFideId "2001470"]
[WhiteElo "2174"]
[BlackElo "2117"]
[Result "1/2-1/2"]
[Round "11"]
[TimeControl "180+1"]
[Date "2022.03.01"]
[WhiteClock "0:01:09"]
[BlackClock "0:01:39"]

1. e4 d6 2. d4 Nf6 3. Nc3 c6 4. Bg5 Nbd7 5. Bd3 e5 6. Nf3 Be7 7. Qd2 b5 8. O-O-O Qc7 9. Ne2 a6 10. Ng3 g6 11. Kb1 Nb6 12. b3 a5 13. Qc3 Ba6 14. dxe5 b4 15. Qb2 dxe5 16. Nxe5 Bxd3 17. Nxd3 Nbd7 18. e5 Nd5 19. Bxe7 Nc3+ 20. Ka1 Nxd1 21. Rxd1 Kxe7 22. Ne4 Rhd8 23. f4 Nf8 24. e6 Nxe6 25. Qf6+ Kf8 26. Qh8+ Ke7 27. Qf6+ Kf8 28. Qh8+ Ke7 29. Qf6+ 1/2-1/2


[Site "https://www.chess.com"]

[Event "Titled Tuesday Blitz March 01 Early 2022"]
[White "Matlakov, Maxim"]
[Black "Bortnyk, Olexandr"]
[WhiteFideId "4168003"]
[BlackFideId "14120828"]
[WhiteElo "2661"]
[BlackElo "2723"]
[Result "0-1"]
[Round "11"]
[TimeControl "180+1"]
[Date "2022.03.01"]
[WhiteClock "0:00:00"]
[BlackClock "0:00:02"]

1. Nf3 Nf6 2. g3 g6 3. Bg2 Bg7 4. O-O O-O 5. d4 d6 6. Re1 Bf5 7. Nh4 Be4 8. f3 Bc6 9. e4 e5 10. d5 Bd7 11. c4 c6 12. Nc3 cxd5 13. cxd5 Qb6+ 14. Kh1 Rc8 15. Qe2 Na6 16. Be3 Qb4 17. Rec1 Nc5 18. Qd2 a5 19. Bf1 a4 20. Rab1 Qa5 21. Ng2 b5 22. Ne1 b4 23. Nd1 Ncxe4 24. fxe4 Nxe4 25. Qg2 Nf6 26. Rxc8+ Rxc8 27. Rc1 Nxd5 28. Rxc8+ Bxc8 29. Bc4 Bb7 30. Bd2 Bc6 31. Nf3 Qa8 32. Qf1 h6 33. Kg1 e4 34. Bxd5 Bxd5 35. Nh4 Bxa2 0-1


[Site "https://www.chess.com"]

[Event "Titled Tuesday Blitz March 01 Early 2022"]
[White "Melian, Juan Sebastian"]
[Black "Kucuksari, Kaan"]
[WhiteFideId "3706575"]
[BlackFideId "6380166"]
[WhiteElo "1842"]
[BlackElo "2305"]
[Result "1-0"]
[Round "11"]
[TimeControl "180+1"]
[Date "2022.03.01"]
[WhiteClock "0:00:17"]
[BlackClock "0:00:34"]

1. e4 c5 2. b3 Nc6 3. Bb2 Nf6 4. e5 Nd5 5. Nc3 Nxc3 6. Bxc3 e6 7. Bb5 Qg5 8. Bxc6 dxc6 9. Qf3 Qd8 10. Ne2 Qd5 11. Qe3 Qxg2 12. Rg1 Qxh2 13. O-O-O Bd7 14. Rh1 Qg2 15. Rdg1 Qd5 16. Nf4 g6 17. Nxd5 cxd5 18. Qf4 h5 19. Bb2 Be7 20. Kb1 Bc6 21. d4 c4 22. Qd2 a5 23. Bc3 b6 24. Ka1 Ra6 25. Rb1 b5 26. bxc4 b4 27. c5 bxc3 28. Qxc3 Kd7 29. Rb2 Rha8 30. Rhb1 R6a7 31. Rb6 Bd8 32. Qf3 f5 33. exf6 Bxb6 34. Rxb6 Rb7 35. Qf4 Rxb6 36. Qd6+ Ke8 37. Qe7# 1-0


[Site "https://www.chess.com"]

[Event "Titled Tuesday Blitz March 01 Early 2022"]
[White "Mikhailov, Viacheslav"]
[Black "Jumabayev, Rinat"]
[WhiteFideId "4187369"]
[BlackFideId "13702661"]
[WhiteElo "2381"]
[BlackElo "2561"]
[Result "0-1"]
[Round "11"]
[TimeControl "180+1"]
[Date "2022.03.01"]
[WhiteClock "0:00:04"]
[BlackClock "0:00:16"]

1. Nf3 Nf6 2. g3 d5 3. Bg2 e6 4. O-O Be7 5. c4 O-O 6. b3 c5 7. Bb2 d4 8. b4 a5 9. bxc5 Nc6 10. d3 e5 11. Nbd2 h6 12. Ba3 Qc7 13. Qb3 Ra6 14. Rab1 Nb4 15. Bxb4 axb4 16. Qxb4 Rxa2 17. Qb6 Qxc5 18. Qxc5 Bxc5 19. Nb3 Bd6 20. c5 Bc7 21. Nfd2 Bg4 22. Rbe1 Rb8 23. h3 Be6 24. Ra1 Bxb3 25. Nxb3 Rxe2 26. Rfb1 Rc2 27. Ra7 e4 28. Nxd4 Rxc5 29. dxe4 b5 30. e5 Bxe5 31. Nc6 Rb6 32. Ra8+ Kh7 33. Nxe5 Rxe5 34. Ra5 Ne8 35. Bf1 Nd6 36. Ra7 g6 37. Rd7 Kg7 38. Rd1 Ne4 39. Ra7 Nc3 40. Rdd7 Rf5 41. Bd3 Rf3 42. Bc2 Rbf6 0-1


[Site "https://www.chess.com"]

[Event "Titled Tuesday Blitz March 01 Early 2022"]
[White "Mitusov, Semen"]
[Black "Topalov, Aleksandar"]
[WhiteFideId "14151049"]
[BlackFideId "925659"]
[WhiteElo "2246"]
[BlackElo "2098"]
[Result "1-0"]
[Round "11"]
[TimeControl "180+1"]
[Date "2022.03.01"]
[WhiteClock "0:02:14"]
[BlackClock "0:01:57"]

1. e4 e6 2. Nf3 d5 3. Nc3 Nf6 4. e5 Ng8 5. d4 Ne7 6. Bd3 b6 7. O-O Ba6 8. Ne2 Bxd3 9. Qxd3 Nf5 10. Ng3 Nxg3 11. hxg3 Be7 12. g4 O-O 13. g5 c5 14. c3 Nc6 15. a3 a5 16. g3 cxd4 17. cxd4 a4 18. Kg2 Na5 19. Rh1 g6 20. Bf4 Rc8 21. Rh6 Kg7 22. Rah1 Rh8 23. R1h4 Qc7 24. Qd1 Qc2 25. Qh1 Rcg8 26. Rxh7+ Rxh7 27. Rxh7+ Kf8 28. Rh8 1-0


[Site "https://www.chess.com"]

[Event "Titled Tuesday Blitz March 01 Early 2022"]
[White "Moreira, Ronaldo Alonso"]
[Black "Thorhallsson, Simon"]
[WhiteFideId "2110547"]
[BlackFideId "2310090"]
[WhiteElo "2037"]
[BlackElo "2137"]
[Result "0-1"]
[Round "11"]
[TimeControl "180+1"]
[Date "2022.03.01"]
[WhiteClock "0:00:03"]
[BlackClock "0:02:05"]

1. d4 Nf6 2. c4 e5 3. dxe5 Ng4 4. Nf3 Bc5 5. e3 Nc6 6. Be2 O-O 7. Nc3 Re8 8. O-O Ncxe5 9. Nxe5 Nxe5 10. b3 a5 11. Na4 Bf8 12. c5 d6 13. Bb2 Qh4 14. Qd4 Qh6 15. Rac1 Bd7 16. Qf4 Bxa4 17. Qxh6 gxh6 18. bxa4 dxc5 19. Rfd1 b6 20. Bb5 Re6 21. Bxe5 Rxe5 22. Rd7 Re7 23. Rcd1 Rxd7 24. Rxd7 Bd6 25. Bc4 Rf8 26. g3 Kg7 27. Kg2 Kg6 28. Bd3+ Kf6 29. Bxh7 Ke6 30. Rxd6+ cxd6 0-1


[Site "https://www.chess.com"]

[Event "Titled Tuesday Blitz March 01 Early 2022"]
[White "Muradov, Soltan"]
[Black "Gerbelli Neto, Eduardo"]
[WhiteFideId "14002108"]
[BlackFideId "2103281"]
[WhiteElo "1854"]
[BlackElo "2178"]
[Result "1-0"]
[Round "11"]
[TimeControl "180+1"]
[Date "2022.03.01"]
[WhiteClock "0:00:27"]
[BlackClock "0:00:17"]

1. d4 d5 2. Nf3 Nf6 3. c4 c6 4. Nc3 e6 5. Bg5 dxc4 6. e3 b5 7. a4 Bb4 8. Be2 Nbd7 9. O-O Bxc3 10. bxc3 Bb7 11. Qb1 Qb6 12. a5 Qc7 13. a6 Bc8 14. Qb4 Nd5 15. Qa3 f6 16. Bh4 c5 17. Bg3 Qc6 18. e4 N5b6 19. Nd2 cxd4 20. cxd4 e5 21. Nf3 Qe6 22. Rfb1 Qe7 23. Rxb5 Qxa3 24. Rxa3 exd4 25. Nxd4 O-O 26. Ne6 Rf7 27. Nc7 Rb8 28. Ne8 Ra8 29. h3 Ne5 30. Nd6 Re7 31. Bxe5 fxe5 32. Nxc4 Bd7 33. Rc5 Rc8 34. Rxc8+ Bxc8 35. Nxb6 axb6 36. a7 Bb7 37. a8=Q+ Bxa8 38. Rxa8+ Kf7 39. Bc4+ Kg6 40. Bd5 Rc7 41. Ra6 Rc1+ 42. Kh2 Rb1 43. Kg3 h6 44. f3 Kf6 45. h4 g5 46. hxg5+ hxg5 47. Ra7 Rb2 48. Kg4 Kg6 49. g3 b5 50. Ra6+ Kg7 51. Kxg5 b4 52. Kf5 Rf2 53. f4 exf4 54. gxf4 Rf3 55. Rb6 b3 56. Rxb3 1-0


[Site "https://www.chess.com"]

[Event "Titled Tuesday Blitz March 01 Early 2022"]
[White "Musovic, Armin"]
[Black "Stefanov, Plamen"]
[WhiteFideId "939935"]
[BlackFideId "2900980"]
[WhiteElo "2250"]
[BlackElo "2137"]
[Result "1-0"]
[Round "11"]
[TimeControl "180+1"]
[Date "2022.03.01"]
[WhiteClock "0:01:34"]
[BlackClock "0:00:52"]

1. a3 d5 2. Nc3 e5 3. d4 e4 4. Bf4 Bd6 5. Nxd5 Bxf4 6. Nxf4 Nf6 7. e3 O-O 8. Bc4 c6 9. Ba2 Bg4 10. f3 exf3 11. gxf3 Qe7 12. Qe2 Bf5 13. O-O-O Re8 14. e4 Nxe4 15. fxe4 Qxe4 16. Qxe4 Bxe4 17. Nge2 Bxh1 18. Rxh1 Nd7 19. Ng3 g6 20. Rf1 Kg7 21. Nfh5+ gxh5 22. Rxf7+ Kg6 23. Rxd7 Re1+ 24. Kd2 Ra1 25. Bf7+ Kh6 26. h4 Kg7 27. Bxh5+ Kf6 28. Rf7+ Ke6 29. Rxb7 Rf8 30. Ne4 Rh1 31. Bg4+ Kd5 32. Nc3+ Kxd4 33. Rd7+ Ke5 34. Rxh7 Rxh4 35. Rxh4 1-0


[Site "https://www.chess.com"]

[Event "Titled Tuesday Blitz March 01 Early 2022"]
[White "Nakamura, Hikaru"]
[Black "Mosadeghpour, Masoud"]
[WhiteFideId "2016192"]
[BlackFideId "12519278"]
[WhiteElo "2850"]
[BlackElo "2395"]
[Result "1-0"]
[Round "11"]
[TimeControl "180+1"]
[Date "2022.03.01"]
[WhiteClock "0:01:38"]
[BlackClock "0:00:43"]

1. Nf3 Nf6 2. b3 g6 3. Bb2 Bg7 4. e3 O-O 5. d4 d5 6. c4 c5 7. dxc5 Qa5+ 8. Nbd2 Rd8 9. a3 Qxc5 10. b4 Qc7 11. Rc1 Qd7 12. cxd5 Nxd5 13. Bxg7 Kxg7 14. Qb3 Nc6 15. Bb5 Qg4 16. Bxc6 bxc6 17. O-O Be6 18. Qb2+ Nf6 19. Rxc6 Rac8 20. h3 Qh5 21. Rfc1 Rxc6 22. Rxc6 Qd5 23. Rc5 Qd3 24. Nd4 Bd5 25. b5 e5 26. Rc3 Qxd2 27. Qxd2 Ne4 28. Qd3 Nxc3 29. Qxc3 exd4 30. Qxd4+ 1-0


[Site "https://www.chess.com"]

[Event "Titled Tuesday Blitz March 01 Early 2022"]
[White "Nazari, Arad"]
[Black "Nasyrova, Ekaterina"]
[WhiteFideId "12577324"]
[BlackFideId "44157797"]
[WhiteElo "2120"]
[BlackElo "2068"]
[Result "1-0"]
[Round "11"]
[TimeControl "180+1"]
[Date "2022.03.01"]
[WhiteClock "0:00:04"]
[BlackClock "0:00:01"]

1. e4 e5 2. Nf3 Nc6 3. Bb5 Nf6 4. O-O Nxe4 5. d4 Nd6 6. Bxc6 dxc6 7. dxe5 Nf5 8. Qxd8+ Kxd8 9. Rd1+ Ke8 10. h3 Ne7 11. Nc3 Ng6 12. Ne4 Be7 13. Bg5 Nf8 14. Bxe7 Kxe7 15. Ng3 Be6 16. b3 Nd7 17. c4 Rhd8 18. Nd4 a5 19. f4 g6 20. f5 gxf5 21. Ngxf5+ Kf8 22. Nxe6+ fxe6 23. Nd4 Ke7 24. Nf3 Nc5 25. Kf2 a4 26. Rxd8 Rxd8 27. bxa4 Ra8 28. Ke3 Rxa4 29. Nd2 Ra3+ 30. Ke2 b6 31. h4 Nd7 32. Nf3 Rc3 33. a4 Rxc4 34. a5 bxa5 35. Rxa5 Re4+ 36. Kf2 c5 37. Ra7 Kd8 38. Ra8+ Ke7 39. Rh8 Nxe5 40. Rxh7+ Kd6 41. Ng5 Ng4+ 42. Kf3 Ra4 43. Nf7+ Kd5 44. h5 Nf6 45. Rh8 c4 46. Rd8+ Kc5 47. h6 c3 48. Ne5 Rh4 49. g4 c2 50. Rd2 Rxh6 51. Rxc2+ Kd5 52. Nf7 Rh7 53. Rd2+ Kc6 54. Ne5+ Kc5 55. g5 Nd5 56. g6 Rg7 57. Kg4 Kd6 58. Nf7+ Ke7 59. Kg5 c5 60. Ne5 c4 61. Nxc4 Nf6 62. Ra2 Ne4+ 63. Kh6 Kf6 64. Ra7 Rxg6+ 65. Kh5 Rg5+ 66. Kh4 Rc5 67. Ne3 Nd6 68. Ng4+ Kf5 69. Ra6 Ne4 70. Ne3+ Ke5 71. Ra4 Nd6 72. Ng4+ Kd5 73. Ra6 e5 74. Nf6+ Ke6 75. Ne8 Rc4+ 76. Kg5 Rd4 77. Ng7+ Ke7 78. Ra7+ Kf8 79. Ne6+ Ke8 80. Kf6 Rb4 81. Re7# 1-0


[Site "https://www.chess.com"]

[Event "Titled Tuesday Blitz March 01 Early 2022"]
[White "Neiksans, Arturs"]
[Black "Karttunen, Mika"]
[WhiteFideId "11601388"]
[BlackFideId "502081"]
[WhiteElo "2447"]
[BlackElo "2343"]
[Result "1-0"]
[Round "11"]
[TimeControl "180+1"]
[Date "2022.03.01"]
[WhiteClock "0:01:19"]
[BlackClock "0:00:22"]

1. e4 c5 2. Nf3 d6 3. Bb5+ Bd7 4. Bxd7+ Qxd7 5. c4 Nc6 6. d4 cxd4 7. Nxd4 Nf6 8. Nc3 Nxd4 9. Qxd4 g6 10. f3 Bg7 11. Be3 O-O 12. Qd3 Rfc8 13. O-O Qe6 14. b3 Nd7 15. Rac1 Bxc3 16. Rxc3 a6 17. Rfc1 Rc6 18. Bd4 Rac8 19. Kf2 f6 20. Qe3 Ne5 21. h3 Nf7 22. Qd2 g5 23. Be3 Kg7 24. Qd5 Qd7 25. a4 h6 26. Kg1 e6 27. Qd2 Qe7 28. Bf2 Qc7 29. Bd4 Qa5 30. f4 gxf4 31. Rg3+ Qg5 32. Rxg5+ hxg5 33. Bf2 Ne5 34. Rd1 Kf7 35. Qb4 b5 36. Rxd6 1-0


[Site "https://www.chess.com"]

[Event "Titled Tuesday Blitz March 01 Early 2022"]
[White "Nur-Mukhametova, Alisa"]
[Black "Vlassov, Nikolai"]
[WhiteFideId "54117739"]
[BlackFideId "4103360"]
[WhiteElo "2015"]
[BlackElo "2407"]
[Result "0-1"]
[Round "11"]
[TimeControl "180+1"]
[Date "2022.03.01"]
[WhiteClock "0:00:01"]
[BlackClock "0:00:30"]

1. Nf3 Nf6 2. g3 c5 3. Bg2 g6 4. O-O Bg7 5. d4 O-O 6. dxc5 Na6 7. Nc3 Nxc5 8. Be3 b6 9. Nd4 Bb7 10. b4 Bxg2 11. Kxg2 Nce4 12. Nxe4 Nxe4 13. Qd3 d5 14. c4 Rc8 15. Rac1 Qd7 16. Nb3 Nf6 17. c5 e5 18. cxb6 d4 19. Bg5 axb6 20. Qf3 Nd5 21. Bd2 f5 22. Qd3 e4 23. Qb1 Qb5 24. Rxc8 Rxc8 25. Rc1 Nc3 26. Bxc3 dxc3 27. Qc2 Qxb4 28. Rb1 Qc4 29. e3 Qd3 30. Rc1 Qxc2 31. Rxc2 b5 32. Kf1 b4 33. Ke2 Kf7 34. a3 bxa3 35. Ra2 Ra8 36. Kd1 Ke6 37. Kc2 Kd5 0-1


[Site "https://www.chess.com"]

[Event "Titled Tuesday Blitz March 01 Early 2022"]
[White "Obolenskikh, Dmitry"]
[Black "Risteski, Emil"]
[WhiteFideId "4156013"]
[BlackFideId "15005267"]
[WhiteElo "2512"]
[BlackElo "2070"]
[Result "0-1"]
[Round "11"]
[TimeControl "180+1"]
[Date "2022.03.01"]
[WhiteClock "0:01:45"]
[BlackClock "0:02:21"]

1. e4 d6 2. d4 Nf6 3. Nc3 e5 4. dxe5 dxe5 5. Qxd8+ Kxd8 6. Bg5 Nd7 7. Nf3 c6 8. O-O-O Ke8 9. Bh4 Bc5 10. Bg3 Ng4 11. Rd2 f6 12. h3 Nh6 13. a3 b5 14. b4 Be7 15. Kb2 a5 16. Kb3 Nb6 17. Na2 Be6+ 18. Kb2 Bxa2 0-1


[Site "https://www.chess.com"]

[Event "Titled Tuesday Blitz March 01 Early 2022"]
[White "Odegov, Artem"]
[Black "Kett, Tim"]
[WhiteFideId "34183644"]
[BlackFideId "1801210"]
[WhiteElo "2277"]
[BlackElo "2098"]
[Result "1-0"]
[Round "11"]
[TimeControl "180+1"]
[Date "2022.03.01"]
[WhiteClock "0:01:03"]
[BlackClock "0:00:01"]

1. d4 d5 2. c4 e6 3. Nf3 Nf6 4. Nc3 c6 5. Bg5 dxc4 6. e4 b5 7. Be2 Be7 8. O-O O-O 9. Qc2 Nbd7 10. Rad1 Bb7 11. Rfe1 a6 12. Bf1 Re8 13. e5 Nd5 14. Ne4 c5 15. Nd6 Qc7 16. Nxe8 Rxe8 17. Bxe7 Rxe7 18. dxc5 Nxc5 19. Rd4 Nb4 20. Qd2 Nbd3 21. Bxd3 Nxd3 22. Rd1 Bxf3 23. gxf3 h6 24. f4 Rd7 25. Qe3 Qd8 26. Rxd7 Qxd7 27. b3 Qd5 28. bxc4 bxc4 29. f3 a5 30. Rb1 g6 31. Rb8+ Kg7 32. Rc8 a4 33. Qe4 Qb5 34. Qxc4 Qb1+ 35. Kg2 Qb2+ 36. Kh3 Nf2+ 37. Kh4 g5+ 38. fxg5 hxg5+ 39. Kg3 Nh1+ 40. Kg4 Qxe5 41. Qc3 f5+ 42. Kxg5 Qxc3 43. Rxc3 Nf2 44. Rc7+ Kf8 45. Kf6 1-0


[Site "https://www.chess.com"]